 Dungeon Crawl Stone Soup version 0.25.1-2-g60ff931df9 (webtiles) character file.

Game seed: 1805454920973404415

42 Artemis the Stinger (level 3, -3/24 HPs)
             Began as a Merfolk Venom Mage on Sept 7, 2020.
             Slain by an adder (4 damage)
             ... on level 2 of the Dungeon.
             The game lasted 00:07:01 (1517 turns).

Artemis the Stinger (Merfolk Venom Mage)            Turns: 1517, Time: 00:07:02

Health: -3/24      AC:  2    Str:  8    XL:     3   Next: 54%
Magic:  0/6        EV: 13    Int: 15    God:
Gold:   48         SH:  0    Dex: 14    Spells: 4/7 levels left

rFire    . . .     SeeInvis .   e - +0 dagger
rCold    . . .     Gourm    .   (no shield)
rNeg     . . .     Faith    .   a - +0 robe
rPois    .         Spirit   .   (no helmet)
rElec    .         Reflect  .   (no cloak)
rCorr    .         Harm     .   (no gloves)
MR       .....                  (no boots)
Stlth    ++........             (no amulet)
HPRegen  0.08/turn              (no ring)
MPRegen  0.10/turn              (no ring)

@: lethally poisoned (-3 -> -7), very slightly contaminated, hasted, very quick
A: change form in water, swift swim, stealthy swim
a: no special abilities


You were on level 2 of the Dungeon.
You were hungry.

You visited 1 branch of the dungeon, and saw 2 of its levels.

You collected 48 gold pieces.

Inventory:

Hand Weapons
 e - a +0 dagger (weapon)
Missiles
 b - 18 poisoned darts (quivered)
 g - 48 sling bullets
Armour
 a - a +0 robe (worn)
Jewellery
 i - an uncursed amulet of reflection {unknown}
Scrolls
 d - a scroll of teleportation {unknown}
 j - a scroll of blinking {unknown}
 n - a scroll of amnesia {unknown}
 p - a scroll of remove curse {unknown}
Potions
 h - a potion of flight {unknown}
 k - a potion of stabbing {unknown}
 l - a potion of mutation {unknown}
 m - a potion of curing {unknown}
Comestibles
 c - 2 rations
 o - 2 chunks of flesh


   Skills:
 - Level 2.9 Dodging
 - Level 2.2 Stealth
 + Level 2.5 Spellcasting
 + Level 1.8 Transmutations
 * Level 0.4 Air Magic
 * Level 4.0 Poison Magic


You had 4 spell levels left.
You knew the following spells:

 Your Spells              Type           Power        Failure   Level  Hunger
a - Sting                 Tmut/Pois      ##..         6%          1    #......
b - Poisonous Vapours     Pois/Air       #.....       13%         2    ###....

Your spell library contained the following spells:

 Spells                   Type           Power        Failure   Level  Hunger
 Ignite Poison            Fire/Tmut/Pois #.......     28%         3    ###....
 Mephitic Cloud           Conj/Pois/Air  #.......     34%         3    ###....
 Olgreb's Toxic Radiance  Pois           ##......     36%         4    #####..


Dungeon Overview and Level Annotations

Branches:
Dungeon (2/15)

Altars:
Zin


Message History

Aiming: Sting (safe; 6% risk of failure)
Press: ? - help, Shift-Dir - straight line, f/p - adder
Aim: an adder (severely wounded)
You miscast Sting.
Nothing appears to happen.
Casting: Sting (safe; 6% risk of failure)
Confirm with . or Enter, or press ? or * to list all spells.
You don't have enough magic to cast that spell.
Unknown command.
You hit the adder.
The adder is severely wounded.
The adder bites you.
* * * LOW HITPOINT WARNING * * *
You completely miss the adder.
The adder is severely wounded.
* * * LOW HITPOINT WARNING * * *
You feel sick. The adder bites you but does no damage.
You barely miss the adder.
The adder is severely wounded.
The adder bites you.
You die...

.###########..##.##
##.##.# #.##.#
#.##.# #.##(#
#..#.# ####.#.#
#......# #.....@# #
#.....S# #.
#......# #..
#....#.#
#...#########<#
#...'.........#
#...########### ###


You could see an adder.

Vanquished Creatures
  An adder (D:2)
  A dart slug (D:1)
  2 leopard geckos (D:1)
  4 bats
  5 goblins (D:1)
  2 hobgoblins
  4 jackals (D:2)
  A quokka (D:2)
  3 frilled lizards
  A kobold (D:1)
  2 rats (D:1)
26 creatures vanquished.

Notes
Turn   | Place    | Note
-------+----------+-------------------------------------------
     0 | D:1      | Artemis the Merfolk Venom Mage began the quest for the Orb.
     0 | D:1      | Reached XP level 1. HP: 13/13 MP: 3/3
    49 | D:1      | Reached XP level 2. HP: 19/19 MP: 1/5
   225 | D:1      | Learned a level 2 spell: Poisonous Vapours
   949 | D:2      | Reached XP level 3. HP: 13/24 MP: 1/6
  1163 | D:2      | Found a glowing silver altar of Zin.
  1211 | D:2      | Reached skill level 4 in Poison Magic
  1516 | D:2      | HP: 1/24 [poisoned by an adder]
  1517 | D:2      | Slain by an adder

Illustrated notes

Levels and vault maps discovered:
D:1:      psy_arrival_spokes, layout_basic
D:2:      layout_basic, zin_academy, first_ration,
          chequers_ecumenical_altar_grove, uniq_natasha

Skill      XL: |  1  2  3 |
---------------+----------+-----
Poison Magic   | 4 |  4.0
Dodging        | |  2.9
Stealth        | |  2.2
Spellcasting   | |  2.5
Transmutations | |  1.8
Air Magic      | |  0.4

Action                   || total
-------------------------++-------
Melee: Unarmed           ||     2
       Dagger            ||    28
 Cast: Sting             ||    43
       Poisonous Vapours ||     2
  Use: Potion            ||     1
  Eat: Chunk             ||     2
Armor: Robe              ||    18
Dodge: Dodged            ||    63
